 Dungeon Crawl Stone Soup version 0.28-a0-1624-g820543e53a (webtiles) character file.

Game seed: 5377702663426023793

3231 HallandMoats the Fighter (level 9, 0/82 HPs)
             Began as a Ghoul Fighter on Jan 24, 2022.
             Was a Follower of Okawaru.
             Slain by a sixfirhy (9 damage)
             ... summoned by a kobold demonologist
             ... on level 9 of the Dungeon.
             The game lasted 00:11:40 (9609 turns).

HallandMoats the Fighter (Ghoul Fighter)            Turns: 9609, Time: 00:11:41

Health: 0/82       AC: 15    Str: 25    XL:     9   Next: 98%
Magic:  5/9        EV:  9    Int:  5    God:    Okawaru [*.....]
Gold:   242        SH:  6    Dex: 22    Spells: 8/8 levels left

rFire   . . .      SeeInvis .   a - +7 long sword of Uttiacey {venom, Str+3}
rCold   + . .      Faith    .   c - +0 buckler
rNeg    + + +      Spirit   .   g - +0 plate armour
rPois   ∞          Reflect  .   (no helmet)
rElec   .          Harm     .   B - +2 cloak
rCorr   .          Rampage  .   (no gloves)
Will    .....                   (no boots)
Stlth   ..........              (no amulet)
HPRegen 0.00/turn               l - +6 ring of dexterity
MPRegen 0.11/turn               v - ring "Essept" {Str+2 Dex+6}

@: inhibited regen
A: claws 1, cold resistance 1, negative energy resistance 3, inhibited
regeneration, torment resistance 2
a: Renounce Religion, Heroism


You were on level 9 of the Dungeon.
You worshipped Okawaru.
Okawaru was aware of your devotion.
You visited 2 branches of the dungeon, and saw 10 of its levels.

You collected 463 gold pieces.
You spent 221 gold pieces at shops.

Inventory:

Hand Weapons
 a - the +7 long sword of Uttiacey (weapon) {venom, Str+3}
   (You bought it in a shop on level 2 of the Dungeon)

   It poisons the flesh of those it strikes.
   Str:       It affects your strength (+3).
Armour
 c - a +0 buckler (worn)
 g - a +0 plate armour (worn)
 B - a +2 cloak (worn)
Jewellery
 l - a +6 ring of dexterity (left claw)
 m - a ring of willpower
 v - the ring "Essept" (right claw) {Str+2 Dex+6}
   (You found it on level 5 of the Dungeon)

   [ring of dexterity]

   Str:       It affects your strength (+2).
   Dex:       It affects your dexterity (+6).
 z - a +4 ring of evasion
Wands
 p - a wand of polymorph (4)
 w - a wand of iceblast (19)
Scrolls
 b - a scroll of immolation
 e - 3 scrolls of fear {unknown}
 h - 2 scrolls of enchant armour {unknown}
 j - a scroll of torment {unknown}
 k - 2 scrolls of magic mapping {unknown}
 s - 2 scrolls of amnesia {unknown}
 t - 4 scrolls of teleportation {unknown}
 y - a scroll of identify
 C - a scroll of blinking {unknown}
 D - a scroll of holy word {unknown}
Potions
 d - 2 potions of magic
 f - 2 potions of haste {unknown}
 i - 2 potions of flight
 n - a potion of cancellation {unknown}
 o - 2 potions of curing {unknown}
 q - a potion of might
 r - a potion of berserk rage {unknown}
 u - a potion of brilliance {unknown}
 x - 3 potions of attraction {unknown}
 A - a potion of heal wounds {unknown}


   Skills:
 + Level 8.6 Fighting
 * Level 6.9 Long Blades
 + Level 5.4 Armour
 + Level 4.4 Dodging
 - Level 5.2 Shields
 * Level 1.7 Invocations


You had 8 spell levels left.
You didn't know any spells.
Your spell library contained the following spells:

 Spells                   Type           Power      Damage    Failure   Level
 Freeze                   Ice            0%         1d3       100%        1
 Frozen Ramparts          Ice            0%         1d2       100%        3
 Gell's Gravitas          Tloc           0%         N/A       100%        3
 Lesser Beckoning         Tloc           0%         N/A       100%        3
 Teleport Other           Tloc           0%         N/A       100%        3
 Hailstorm                Conj/Ice       0%         3d3       100%        4


Dungeon Overview and Level Annotations

Branches:
Dungeon (9/15)             Temple (1/1) D:6
   Lair: D:8-11         Orc: D:9-12

Altars:
Ashenzari
Cheibriados
Dithmenos
Fedhas
Hepliaklqana
Kikubaaqudgha
Makhleb
Okawaru
Qazlal
Ru
Sif Muna
Trog
Uskayaw
Vehumet
Wu Jian
Xom
Yredelemnul
Zin
The Shining One

Shops:
D:2 (   D:3 !   D:4 *   D:6 :   D:8 (   D:9 *

Annotations:
D:4 1 runed translucent door, fragbeetle's ghost, amateur PaAK
D:5 exclusion: oklob plant


Innate Abilities, Weirdness & Mutations

You thrive by killing the living.
You are immune to poison.
You have sharp fingernails.
Your flesh is cold resistant. (rC+)
You are immune to negative energy. (rN+++)
You do not regenerate when monsters are visible.
You are immune to unholy pain and torment.


Message History

You feel like a meek peon again.
The kobold demonologist gestures wildly while chanting.
The kobold demonologist mumbles some strange words.
You closely miss the kobold demonologist.
The kobold hits you with a +0 dagger.
The kobold demonologist hits you but does no damage.
The chaos spawn gores you!
You feel your power leaking away.
You miss the kobold demonologist. The sixfirhy barely misses you.
The sixfirhy hits you but does no damage.
The kobold hits you but does no damage.
The kobold demonologist looks encouraged for a moment.
The sixfirhy hits you but does no damage.
The chaos spawn closely misses you. You block the kobold's attack.
You hit the kobold demonologist.
The kobold demonologist is poisoned.
The kobold demonologist is lightly wounded.
The sixfirhy barely misses you. The sixfirhy closely misses you.
The kobold demonologist barely misses you.
The kobold demonologist casts a spell.
You block the chaos spawn's attack. The kobold hits you but does no damage.
The kobold demonologist hits you with a +0 dagger.
You closely miss the kobold demonologist.
The kobold demonologist hits you with a +0 dagger.
The chaos spawn barely misses you. The kobold hits you but does no damage.
The kobold demonologist hits you with a +0 dagger.
You slash the kobold demonologist!
The kobold demonologist is poisoned.
The kobold demonologist is moderately wounded.
The sixfirhy hits you! The sixfirhy shocks you!
The kobold demonologist hits you but does no damage.
The chaos spawn gores you! The chaos spawn sears you!
* * * LOW HITPOINT WARNING * * *
The sixfirhy hits you but does no damage.
The kobold closely misses you.
Okay, then.
Unknown command.
Okay, then.
The sixfirhy hits you!
* * * LOW HITPOINT WARNING * * *
The sixfirhy shocks you!
You die...

######## #....!.#
#..PP..# #...∩P.#
#..PP..# +....4@#
#..4K3############
##....KKKK........#
(......KKK.........#
###................#
#................#####
#####.........<.......
#+###+##.###......
#..# .....


You could see a hellwing (summoned), a kobold demonologist (very poisoned), a
sixfirhy (summoned), a chaos spawn (summoned) and 2 kobolds.

Vanquished Creatures
  An acid dragon (D:6)
  A water moccasin (D:5)
  A sky beast (D:8)
  2 orc warriors
  3 black bears
  An ice beast (D:5)
  A hornet zombie (D:7)
  2 necrophages
  2 ogres (D:6)
  3 centaurs
  A phantom (D:5)
  A bullfrog (D:6)
  A wyvern zombie (D:7)
  6 scorpions
  4 wights
  2 howler monkeys (D:6)
  A centaur zombie (D:7)
  A bullfrog zombie (D:6)
  A gnoll shaman (D:8)
  4 hounds
  3 jellies
  An orc priest (D:3)
  Crazy Yiuf (D:3)
  2 bullfrog skeletons (D:5)
  2 iguanas
  A centaur skeleton (D:6)
  5 orc wizards
  A scorpion zombie (D:4)
  A killer bee zombie (D:6)
  A hound zombie (D:4)
  A hound skeleton (D:4)
  4 gnolls (D:8)
  7 adders
  2 ufetubi
  A worm (D:4)
  2 dart slugs
  18 orcs
  5 endoplasms
  2 giant cockroaches
  7 goblins
  5 hobgoblins
  5 jackals
  3 quokkas
  7 ball pythons
  5 bats
  13 frilled lizards
  6 kobolds
  2 rats
152 creatures vanquished.

Vanquished Creatures (others)
  4 fungi (D:5)
  11 plants
  21 toadstools
36 creatures vanquished.

Grand Total: 188 creatures vanquished

Notes
Turn   | Place    | Note
-------+----------+-------------------------------------------
     0 | D:1      | HallandMoats the Ghoul Fighter began the quest for the Orb.
     0 | D:1      | Reached XP level 1. HP: 19/19 MP: 0/0
   315 | D:1      | Reached XP level 2. HP: 26/26 MP: 1/1
   798 | D:2      | Reached XP level 3. HP: 30/33 MP: 2/2
   885 | D:2      | Found Xumuge's Antique Weapon Boutique.
  1039 | D:2      | Found a faded altar of an unknown god.
  1497 | D:2      | Reached XP level 4. HP: 40/40 MP: 3/3
  1636 | D:3      | Reached skill level 4 in Fighting
  1674 | D:3      | Reached skill level 1 in Dodging
  1707 | D:3      | Reached XP level 5. HP: 29/47 MP: 4/4
  2016 | D:3      | Found Bobunlusk's Distillery.
  2340 | D:3      | Found a runed translucent door.
  2341 | D:3      | Noticed Crazy Yiuf
  2349 | D:3      | Killed Crazy Yiuf
  2462 | D:4      | Found Laehor's Assorted Antiques.
  2565 | D:4      | Noticed a black bear
  2577 | D:4      | Killed a black bear
  2578 | D:4      | Reached XP level 6. HP: 35/55 MP: 5/5
  2773 | D:4      | Reached skill level 5 in Fighting
  2991 | D:4      | Found a runed translucent door.
  2993 | D:4      | Noticed fragbeetle's ghost (amateur PaAK)
  3283 | D:4      | Noticed a black bear
  3293 | D:4      | Killed a black bear
  3294 | D:4      | Reached XP level 7. HP: 38/61 MP: 6/6
  3564 | D:4      | Found a basalt altar of Yredelemnul.
  3887 | D:5      | Entered Level 5 of the Dungeon
  3960 | D:5      | HP: 3/61 [black bear (5)]
  4629 | D:5      | Reached skill level 6 in Fighting
  4711 | D:5      | Found a blossoming altar of Fedhas.
  4731 | D:5      | Noticed an oklob plant
  4928 | D:5      | Reached XP level 8. HP: 32/70 MP: 7/7
  5198 | D:5      | Reached skill level 5 in Long Blades
  5404 | D:5      | Identified the ring "Essept" {Str+2 Dex+6}
  5793 | D:2      | Bought a scorched long sword for 221 gold pieces
  5793 | D:2      | Identified the +7 long sword of Uttiacey {venom, Str+3}
                  | (You bought it in a shop on level 2 of the Dungeon)
  6035 | D:6      | Reached skill level 7 in Fighting
  6112 | D:6      | Found a shadowy altar of Dithmenos.
  6112 | D:6      | Found an ornate altar of the Wu Jian Council.
  6129 | D:6      | Reached XP level 9. HP: 77/79 MP: 8/8
  6298 | D:6      | Found a staircase to the Ecumenical Temple.
  6313 | Temple   | Entered the Ecumenical Temple
  6384 | Temple   | Became a worshipper of Warmaster Okawaru
  6424 | D:6      | Found Mojicy's Self-Improvement Boutique.
  7048 | D:6      | Found a stormy altar of Qazlal.
  7109 | D:6      | Reached skill level 5 in Shields
  7204 | D:6      | HP: 3/81 [ogre (9)]
  7537 | D:5      | Reached skill level 8 in Fighting
  7537 | D:5      | Reached skill level 5 in Armour
  8329 | D:7      | Reached * piety under Okawaru
  8744 | D:8      | Reached skill level 1 in Invocations
  8924 | D:8      | Identified the +2 leather armour of Day {rElec rCorr Int-5
                  | Stlth+}
  9039 | D:8      | Found Gewnek's Weapon Boutique.
  9583 | D:9      | Found Uddeath's Assorted Antiques.
  9587 | D:9      | Noticed a kobold demonologist
  9600 | D:9      | Noticed a kobold demonologist
  9604 | D:9      | Noticed a sixfirhy
  9607 | D:9      | Noticed a hellwing
  9609 | D:9      | Slain by a sixfirhy

Illustrated notes

Levels and vault maps discovered:
D:1:      nagdon_arrival_double_spiral, layout_rooms
D:2:      layout_loops_ring, ebering_ecumenical_altar_mist, serial_shops, shop,
          minmay_lizard_king
D:3:      layout_loops_ring, serial_shops, shop, chequers_serial_rivers_room_b,
          uniq_crazy_yiuf_cottage
D:4:      layout_basic, lemuel_zombie_altar_yredelemnul, serial_shops, shop,
          gammafunk_ghost_grave
D:5:      layout_loops_ring, tgw_fedhas, kennysheep_generic_room_4
D:6:      layout_loops_corners, mainiacjoe_overflow_catwalk,
          gammafunk_temple_overflow_pools, lemuel_coloured_pillars_altar,
          minmay_temple_entry_glass, nicolae_shop_self_help
D:7:      layout_basic, item_on_display_a
D:8:      layout_basic, serial_shops, shop
D:9:      minmay_goldmine, layout_basic, grunt_gozag_statues,
          nemelex_altar_shiori, nicolae_elyvilon_peaceful_grove, serial_shops,
          nicolae_shop_overgrown_old_shop, kennysheep_nondescript, uniq_pikel,
          uniq_psyche, uniq_prince_ribbit1
Temple:   cyrus_circular_temple

Skill      XL: |  1  2  3  4  5  6  7  8  9 |
---------------+----------------------------+-----
Long Blades    | 2 3 4 5 6 |  6.9
Armour         | 3 4 5 |  5.4
Fighting       | 4 5 6 7 8 |  8.6
Shields        | 3 4 5 |  5.2
Dodging        | 1 2 3 4 |  4.4
Invocations    | 1 |  1.7

Action                   |  1- 3 |  4- 6 |  7- 9 || total
-------------------------+-------+-------+-------++-------
Melee: Long sword        |   133 |   150 |   373 ||   656
Invok: Heroism           |       |       |     1 ||     1
  Use: Potion            |       |     1 |     1 ||     2
       Scroll            |       |       |     4 ||     4
Armor: Scale mail        |    14 |       |       ||    14
       Plate armour      |    63 |   152 |   231 ||   446
Dodge: Dodged            |    54 |    44 |   148 ||   246
Block: Buckler           |    29 |    45 |   125 ||   199

Table legend: (Time is in decaauts)
 A = Elapsed time spent in this place.
 B = Non-inter-level travel time spent in this place.
 C = Inter-level travel time spent in this place.
 D = Time resting spent in this place.
 E = Time spent auto-exploring this place.
 F = Levels seen in this place.
 G = Mean time per level.
                   A        B        C        D        E       F      G
               +--------+--------+--------+--------+--------+-----+--------+
         Total |   9813 |   9390 |    423 |   1286 |   6387 |  10 |  981.3 |
       Dungeon |   9728 |   9318 |    410 |   1286 |   6345 |   9 | 1080.9 |
        Temple |     84 |     71 |     13 |      0 |     42 |   1 |   84.0 |
               +--------+--------+--------+--------+--------+-----+--------+

Top non-repeatable levels by time:
     D:6: 2092 daAuts
     D:5: 1792 daAuts
     D:4: 1720 daAuts
     D:3: 979 daAuts
     D:2: 861 daAuts
     D:8: 855 daAuts
     D:1: 766 daAuts
     D:7: 627 daAuts
  Temple: 84 daAuts
     D:9: 33 daAuts
